 Dungeon Crawl Stone Soup version 0.16-a0-465-g631e55c (webtiles) character file.

4332 PolkaDot the Summoner (level 10, -5/68 HPs)
             Began as a Vampire Summoner on Sept 16, 2014.
             Was an Elder of Sif Muna.
             Killed from afar by an ice statue (18 damage)
             ... with a shard of ice
             ... on Level 9 of the Dungeon.
             The game lasted 00:49:14 (10240 turns).

PolkaDot the Summoner (Vampire Summoner)           Turns: 10240, Time: 00:49:15

HP  -5/68        AC  6     Str  7      XL: 10   Next: 12%
MP  18/18        EV  9     Int 24      God: Sif Muna [****..]
Gold 350         SH -1     Dex 14      Spells:  3 memorised,  2 levels left

rFire  . . .     SeeInvis +     c - +0 trident
rCold  + + .     Clarity  .     q - +1 leather armour {MR+} (curse)
rNeg   + + +     rCorr    .     r - -5 buckler "Kheellett" {+Inv MR+}
rPois  +         rRot     +     (no helmet)
rElec  .         Spirit   .     v - +0 cloak of Maalao {Int+4}
SustAb .         Warding  .     j - +0 pair of gloves
rMut   .         Stasis   .     (no boots)
Gourm  .                        (no amulet)
MR     +++..                    p - ring of poison resistance
                                i - ring of wizardry

@: regenerating slowly, extremely resistant to hostile enchantments, very
unstealthy
A: bottle blood, fangs 3, see invisible, unbreathing
a: Bat Form, Bottle Blood, Channel Energy, Forget Spell, Renounce Religion,
Evoke Invisibility


You were on level 9 of the Dungeon.
You worshipped Sif Muna.
Sif Muna was greatly pleased with you.
You were near bloodless.

You visited 1 branch of the dungeon, and saw 9 of its levels.

You collected 614 gold pieces.
You spent 264 gold pieces at shops.

Inventory:

Hand weapons
 c - a +0 trident (weapon)
 D - a +3 glaive
Armour
 j - a +0 pair of gloves (worn)
 q - a cursed +1 leather armour of magic resistance (worn)
 r - the -5 buckler "Kheellett" (worn) {+Inv MR+}
   (You bought it in a shop on level 4 of the Dungeon)

   It affects your resistance to hostile enchantments.
   It lets you turn invisible.
 v - the +0 cloak of Maalao (worn) {Int+4}
   (You found it on level 6 of the Dungeon)

   It affects your intelligence (+4).
Magical devices
 g - a wand of digging (1)
 o - a wand of fire (3)
 t - a wand of confusion (10) {unknown}
Scrolls
 e - 5 scrolls of remove curse
 k - a scroll of teleportation
 l - a scroll of enchant armour {unknown}
 s - a scroll of vulnerability {unknown}
 u - a scroll of fog {unknown}
 y - a scroll of acquirement {unknown}
 C - a scroll of immolation {unknown}
Jewellery
 i - a ring of wizardry (left hand)
 p - a ring of poison resistance (right hand)
 w - an uncursed ring of protection from magic
Potions
 d - a potion of restore abilities
 f - a potion of brilliance
 m - a potion of flight
 x - a potion of resistance
Books
 a - a book of Annihilations {highlevel, unknown}

   This book is beyond your current level of understanding.

   Spells                             Type                      Level
   Poison Arrow                       Conjuration/Poison           6
   Chain Lightning                    Conjuration/Air              8
   Lehudib's Crystal Spear            Conjuration/Earth            8
   Glaciate                           Conjuration/Ice              9
   Fire Storm                         Conjuration/Fire             9
 b - a book of Callings

   Spells                             Type                      Level
   Summon Small Mammal                Summoning                    1
   Call Imp                           Summoning                    2
   *Call Canine Familiar              Summoning                    3
   Summon Guardian Golem              Hexes/Summoning              4
   *Summon Lightning Spire            Summoning/Air                4
   *Summon Ice Beast                  Ice/Summoning                4


   Skills:
 - Level 2.4 Fighting
 + Level 1.0 Polearms
 - Level 2.1 Dodging
 - Level 3.0 Stealth
 - Level 2.0 Spellcasting
 + Level 11.0 Summonings
 * Level 7.7 Ice Magic
 - Level 5.4 Invocations


You had 2 spell levels left.
You knew the following spells:

 Your Spells              Type           Power        Failure   Level  Hunger
d - Call Canine Familiar  Summ           ######..     1%          3    ###....
i - Summon Ice Beast      Ice/Summ       #####...     3%          4    #####..
s - Summon Lightning Spi  Summ/Air       ####....     10%         4    #####..


Dungeon Overview and Level Annotations

Branches:
Dungeon (9/15)             Temple (0/1) D:4
    Orc: D:9-12        Lair: D:8-11

Altars:
Dithmenos
Elyvilon
Fedhas
Gozag
Kikubaaqudgha
Nemelex Xobeh
Qazlal
Sif Muna
Yredelemnul
Zin

Shops:
D:4 [   D:9 =

Annotations:
D:9 exclusion: ice statue


Innate Abilities, Weirdness & Mutations

You heal slowly.
You can bottle blood from corpses.
You have razor-sharp teeth.
You have supernaturally acute eyesight.
You can survive without breathing.


Message History

The ice beast hits you but does no damage.
The phantom blinks!
The ice beast is engulfed in a cloud of scalding steam.
The ice beast completely misses you.
Evoke which item? (* to show all) (? for menu, Esc to quit)
Zapping:
o - a wand of fire {zapped: 3}
Press: ? - help, Shift-Dir - straight line, f/p - ice statue
Aim: an ice statue (steam, moderately damaged)
The bolt of fire hits the ice statue.
The ice statue melts!
The ice statue is heavily damaged.
The ice statue throws ice at you. The shard of ice hits you!
You partially resist.
* * * LOW HITPOINT WARNING * * *
The ice beast hits you.
* * * LOW HITPOINT WARNING * * *
The ice beast freezes you. You resist.
* * * LOW HITPOINT WARNING * * *
The ice statue throws ice at you. The shard of ice hits you!
You partially resist.
You die...

≈≈≈ ≈≈Y≈≈≈≈≈≈ ≈≈≈≈≈≈≈≈≈≈≈
≈≈≈≈≈≈≈Y≈≈≈≈≈ ≈≈≈≈≈≈≈≈≈≈≈≈≈≈≈
#≈≈≈≈≈§§≈≈Y≈≈≈≈# #§§≈≈≈≈§§≈≈≈≈≈≈#
#≈§≈≈≈≈≈8Y≈≈≈≈≈≈#
≈≈≈≈≈≈§Y@≈≈≈≈≈≈≈≈#
≈≈≈≈≈≈≈≈§≈≈≈≈≈≈≈≈#
≈≈≈≈≈≈≈§§≈≈≈≈≈≈≈≈≈#
≈≈≈≈≈≈≈≈≈≈≈≈§§≈≈≈≈≈≈≈≈≈≈###
≈≈≈≈≈≈≈≈≈≈≈≈≈≈§§§§§§≈≈≈≈≈≈≈≈.####
≈≈≈≈≈≈≈≈≈≈≈≈≈≈≈§§§§≈≈≈≈≈≈≈≈≈≈≈≈≈#
≈≈≈≈≈≈≈≈≈≈≈≈≈≈≈§§§≈≈≈≈≈≈≈≈≈≈≈≈≈≈≈
#≈≈≈≈≈≈≈≈≈≈≈≈≈≈≈≈≈≈≈≈≈≈≈≈≈≈≈≈≈≈≈≈
≈≈≈≈≈≈≈≈≈≈≈≈≈≈≈≈≈≈≈≈≈≈≈≈≈≈≈≈≈≈≈≈≈


You could see an ice statue and 4 ice beasts.

Vanquished Creatures
  The ghost of Grim the Cleaver, an experienced MiBe of Trog (D:5)
  A black bear (D:6)
  An ice beast (D:9)
  2 centaurs
  Sigmund (D:2)
  Blork the orc (D:4)
  A giant frog (D:6)
  An eye of draining (D:6)
  An electric eel (D:9)
  4 orc wizards
  A giant frog skeleton (D:9)
  A hound (D:9)
  4 worker ants (D:5)
  A mummy (D:9)
  3 adders
  An orc skeleton (D:8)
  A giant mite (D:9)
  A worm (D:2)
  A shadow imp (D:9)
  2 adder skeletons
  4 giant geckos
  An ooze (D:2)
  7 orcs
  3 ball pythons
  11 bats
  6 giant cockroaches
  8 goblins
  10 hobgoblins
  3 jackals (D:1)
  12 kobolds
  A quokka (D:2)
  A ball python skeleton (D:4)
  4 giant newts
  A giant newt skeleton (D:4)
  A hobgoblin skeleton (D:4)
  A jackal skeleton (D:4)
  7 rats
  7 ballistomycetes (D:9)
118 creatures vanquished.

Vanquished Creatures (collateral kills)
  The ghost of Grim the Cleaver, an experienced MiBe of Trog (D:6)
  Prince Ribbit (D:7)
  A deep elf mage (D:9)
  Eustachio (D:6)
  A wyvern (D:8)
  A deep elf fighter (D:6)
  7 orc warriors
  2 water moccasins
  A mottled dragon (D:9)
  9 ice beasts (D:9)
  2 black bears
  3 phantoms
  5 ogres
  3 centaurs
  A big kobold (D:9)
  A gnoll sergeant (D:6)
  A giant frog (D:8)
  4 scorpions
  An electric eel (D:9)
  4 wights
  18 killer bees
  A centaur zombie (D:6)
  6 crimson imps
  A jelly (D:8)
  4 orc priests
  A two-headed ogre zombie (D:9)
  An iguana (D:6)
  3 orc wizards
  4 worker ants
  Ijyb (D:7)
  A mottled dragon skeleton (D:9)
  A gnoll (D:7)
  4 adders
  An orc skeleton (D:7)
  2 worms (D:2)
  22 orcs
  A bat (D:1)
  A giant cockroach (D:5)
  A goblin (D:7)
  4 hobgoblins
  2 jackals (D:7)
  2 kobolds (D:9)
  4 quokkas
  A giant spore (D:8)
  4 rats
  A rat skeleton (D:7)
  A spectral orc (D:8)
  A plant (D:4)
144 creatures vanquished.

Vanquished Creatures (others)
  16 wolves
  18 ice beasts
  4 crimson imps
  3 hounds
  A white imp (D:6)
  3 shadow imps
  A giant spore (D:9)
  A plant (D:4)
47 creatures vanquished.

Grand Total: 309 creatures vanquished

Notes
Turn   | Place    | Note
--------------------------------------------------------------
     0 | D:1      | PolkaDot, the Vampire Summoner, began the quest for the Orb.
     0 | D:1      | Reached XP level 1. HP: 13/13 MP: 3/3
   252 | D:1      | Reached XP level 2. HP: 19/19 MP: 4/4
   452 | D:1      | Learned a level 2 spell: Call Imp
   520 | D:1      | HP: 1/20 [hobgoblin (5)]
   650 | D:1      | Reached XP level 3. HP: 17/25 MP: 6/6
   821 | D:2      | Noticed Sigmund
   828 | D:2      | Learned a level 3 spell: Call Canine Familiar
   860 | D:2      | Killed Sigmund
   860 | D:2      | Reached skill level 1 in Fighting
   860 | D:2      | Reached skill level 5 in Summonings
   860 | D:2      | Reached XP level 4. HP: 18/32 MP: 4/7
  1868 | D:3      | Found a stormy altar of Qazlal.
  1868 | D:3      | Found a white marble altar of Elyvilon.
  1872 | D:3      | Found a deep blue altar of Sif Muna.
  1873 | D:3      | Found an ancient bone altar of Kikubaaqudgha.
  1877 | D:3      | Found a sparkling altar of Nemelex Xobeh.
  1878 | D:3      | Found a blossoming altar of Fedhas.
  1886 | D:3      | Became a worshipper of Sif Muna the Loreminder
  2916 | D:4      | Noticed a phantom
  2969 | D:4      | Killed a phantom
  2969 | D:4      | Reached skill level 6 in Summonings
  2969 | D:4      | Reached XP level 5. HP: 6/38 MP: 0/9
  3569 | D:4      | Reached XP level 6. HP: 24/44 MP: 8/10
  3643 | D:4      | Found Soklig's Antique Armour Shop.
  3645 | D:4      | Noticed Blork the orc
  3686 | D:4      | Killed Blork the orc
  3707 | D:4      | Bought a dyed leather armour for 46 gold pieces
  3707 | D:4      | Bought an ichor-stained buckler for 218 gold pieces
  3713 | D:4      | Identified the cursed -5 buckler "Kheellett" {+Inv MR+} (You bought it in a shop on level 4 of the Dungeon)
  3795 | D:4      | Reached skill level 7 in Summonings
  3872 | D:4      | Found a staircase to the Ecumenical Temple.
  4156 | D:5      | Entered Level 5 of the Dungeon
  4279 | D:5      | Noticed Grim's ghost (experienced MiBe)
  4308 | D:5      | Killed Grim's ghost
  4308 | D:5      | Acquired Sif Muna's first power
  4308 | D:5      | Reached skill level 8 in Summonings
  4308 | D:5      | Reached XP level 7. HP: 29/51 MP: 2/12
  4781 | D:5      | Found a shadowy altar of Dithmenos.
  4978 | D:5      | Reached skill level 1 in Invocations
  5158 | D:5      | Learned a level 4 spell: Summon Ice Beast
  5266 | D:6      | Reached skill level 1 in Ice Magic
  5397 | D:6      | Reached skill level 9 in Summonings
  5449 | D:6      | Got a faintly humming cloak
  5466 | D:6      | Identified the cursed +0 cloak of Maalao {Int+4} (You found it on level 6 of the Dungeon)
  5560 | D:6      | Acquired Sif Muna's second power
  5564 | D:6      | Noticed Grim's ghost (experienced MiBe)
  5596 | D:6      | Killed Grim's ghost
  5596 | D:6      | Reached XP level 8. HP: 57/57 MP: 3/13
  5651 | D:6      | Noticed Eustachio
  5664 | D:6      | Killed Eustachio
  6026 | D:6      | Reached skill level 10 in Summonings
  6425 | D:7      | Noticed Ijyb
  6433 | D:7      | Killed Ijyb
  6649 | D:7      | Noticed Prince Ribbit
  6676 | D:7      | Killed Prince Ribbit
  6688 | D:7      | Found a glowing silver altar of Zin.
  6688 | D:7      | Found an opulent altar of Gozag.
  6741 | D:7      | Reached XP level 9. HP: 46/62 MP: 1/15
  7340 | D:7      | Reached skill level 5 in Ice Magic
  8113 | D:8      | Found a basalt altar of Yredelemnul.
  8161 | D:8      | Acquired Sif Muna's third power
  8493 | D:9      | Reached skill level 5 in Invocations
  8719 | D:9      | Found Fugeekus' Jewellery Shoppe.
  8843 | D:9      | Reached XP level 10. HP: 51/68 MP: 16/18
  9494 | D:9      | Reached skill level 11 in Summonings
  9509 | D:9      | Learned a level 4 spell: Summon Lightning Spire
 10023 | D:9      | Reached skill level 1 in Polearms
 10228 | D:9      | Noticed an ice statue
 10240 | D:9      | Killed from afar by an ice statue

Action                   |  1- 3 |  4- 6 |  7- 9 | 10-12 || total
-------------------------+-------+-------+-------+-------++-------
Melee: Unarmed           |    15 |       |       |       ||    15
       Short sword       |    81 |   282 |   203 |       ||   566
       Trident           |       |       |    95 |    88 ||   183
 Cast: Summon Small Mamm |     5 |       |       |       ||     5
       Call Canine Famil |     1 |    13 |    32 |     5 ||    51
       Call Imp          |       |    12 |     9 |       ||    21
       Summon Ice Beast  |       |       |    62 |    15 ||    77
Invok: Channel Energy    |       |       |   127 |     6 ||   133
       Forget Spell      |       |       |       |     1 ||     1
 Abil: Bottle Blood      |       |       |    20 |       ||    20
       End Transformatio |       |       |       |     1 ||     1
       Bat Form          |       |       |       |     1 ||     1
Evoke: Wand              |       |       |     5 |     3 ||     8
  Use: Potion            |     2 |     5 |    28 |     2 ||    37
       Scroll            |       |     4 |    16 |       ||    20
 Stab: Sleeping          |     3 |     6 |     5 |       ||    14
       Distracted        |       |       |     5 |       ||     5
  Eat: Corpse            |    10 |    20 |    25 |     2 ||    57
